Unix NetHack Version 5.0.0-0 post-release - last build May 17 2026 04:57:42 (dc50c8380fa5e20985bfe3072449f57b8d9895ef,branch:main).

Game began 2026-05-22 01:29:51, ended 2026-05-22 01:36:02.

Kwijibo4686, lawful female human Monk

                                                                     ---------
                                                                  #@#).)..>..|
                        --------------------------------             |%......|
                       #|..............................|             ........|
                   #####....--------      .-----------.|             -----.---
     -----------  ##   #|...|+++| .|------.|..|(((|  |.|                  #
     |..........###     |...|++]| .|.....|.|..|(((|  +.|                  #
     |..<......|        |...|...|-||.._..|.--||...|---.|                  #
     |..........        |...---|-..|.....|....---|-....|                  #
     -----------        |..........|.....|.............|                  #
                        |........{.-----%-.{...........|                  #
                        |..............................|                #####
                        |...---|-...........--|---|-...|              ###*##
                        |...|...|-------.---|..|...|...|               ####
                        |...|(((|      +.+  |).|)+!|...|             --....  #
                        |...|(.+|      |.|  ---|%]%|...|             |..... ##
                        |...------+-----.----  -----....#############|.....##*
                        |..............................|            #-....|##*
                        --------------------------------             -----.*##

Kwijibo4686 the Novice          St:14 Dx:14 Co:15 In:9 Wi:14 Ch:9  Lawful
Dlvl:5  $:6  HP:25(39) Pw:26(26) AC:4  Xp:5 T:724 

Latest messages:
 You succeed in unlocking the door.
 The door opens.
 You hit the gnome!
 The gnome misses!
 You kill the gnome!
 Welcome to experience level 5.
 You feel stealthy!
 You see here 11 darts.
 The door opens.
 "Hello, Kwijibo4686!  Welcome to Annootok's general store!"
 The door resists!
 The door opens.
 "Hello, Kwijibo4686!  Welcome to Izchak's lighting store!"
 You see here a candle (for sale, 27 zorkmids).
 You see here a brass lantern (for sale, 16 zorkmids).
 You do not owe Izchak anything.
 "Hello, Kwijibo4686!  Welcome again to Annootok's general store!"
 You see here a potion of healing (for sale, 27 zorkmids).
 Really save? [yn] (n) n
 Pick a monster, object or location.
 Move cursor to a monster, object or location:
 Unknown direction: 'i' (use '4', '2', '8', '6' or '.').
 Unknown direction: 'i' (use '4', '2', '8', '6' or '.').
 Unknown direction: 'i' (use '4', '2', '8', '6' or '.').
 Unknown direction: 'i' (use '4', '2', '8', '6' or '.').
 @        a human or elf (human monk called Kwijibo4686)
 You hear the chime of a cash register.
 You find a hidden door.
 This door is locked.
 Unlock it with your key? [ynq] (q) y
 You succeed in unlocking the door.
 The door opens.
 You swap places with the peaceful dwarf.
 You swap places with the peaceful dwarf.
 You swap places with the peaceful dwarf.
 You see here 9 rocks.
 You see here 9 rocks.
 You see here 8 rocks.
 You kill the gecko!
 The gnome staggers from your powerful strike!
 The gnome turns to flee.
 You kill the gnome!
 A crossbow bolt misses you.
 A crossbow bolt misses you.
 You see here a gnome corpse.
 You are hit by a crossbow bolt!
 A crossbow bolt misses you.
 You kill the gnome!
 Really quit without saving? [yn] (n) y
 Do you want your possessions identified? [ynq] (y) q

Inventory:
 Coins    ('$')
  $ - 6 gold pieces
 Armor    ('[')
  a - an uncursed +2 pair of leather gloves (being worn)
  b - an uncursed +1 robe (being worn)
 Comestibles  ('%')
  g - 5 uncursed apples
  f - 4 uncursed food rations
  i - 4 uncursed fortune cookies
  h - 5 uncursed oranges
  l - 2 uncursed tripe rations
 Scrolls  ('?')
  c - an uncursed scroll of confuse monster
 Spellbooks  ('+')
  p - an uncursed spellbook of cure sickness
  j - a blessed spellbook of healing
  m - an uncursed spellbook of slow monster
 Potions  ('!')
  n - an uncursed potion of extra healing
  o - an uncursed potion of gain ability
  e - a blessed potion of healing
  d - 2 uncursed potions of healing
 Tools    ('(')
  k - a magic marker (0:22)
  r - an uncursed skeleton key

Kwijibo4686 the Monk's attributes:

Background:
 You were a Novice, a level 5 female human Monk.
 You were lawful, on a mission for Shan Lai Ching
 who was opposed by Chih Sung-tzu (neutral) and Huan Ti (chaotic).
 You were right-handed.
 You were in the Gnomish Mines, on level 5.
 You entered the dungeon 724 turns ago.
 It was nighttime.
 You had 180 experience points, 140 more were needed to attain level 6.

Basics:
 You had 25 out of 39 hit points.
 You had all 26 energy points (spell power).
 Your armor class was 4.
 Your wallet contained 6 zorkmids.
 Autopickup was on for '$?!/="' plus thrown.

Final Characteristics:
 Your strength was 14 (limit:18/100).
 Your dexterity was 14 (limit:18).
 Your constitution was 15 (limit:18).
 Your intelligence was 9 (limit:18).
 Your wisdom was 14 (limit:18).
 Your charisma was 9 (limit:18).

Final Status:
 You weren't hungry.
 You were unencumbered.
 You were empty handed.
 You had basic skill with martial arts.

Final Attributes:
 You were fervently aligned.
 You were sleep resistant.
 You were poison resistant.
 You saw invisible.
 You were stealthy.
 You were guarded.
 Your spell casting was enhanced by wearing a robe.
 You were fast.
 You survived.

Miscellaneous:
 You didn't encounter any bones levels.
 Total elapsed playing time was 6 minutes and 10 seconds.

Major events:
 Turn
    1: Kwijibo4686 the lawful female human Monk entered the dungeon
  469: entered the Gnomish Mines
  476: attained the rank of Novice (level 3)
  570: reached Mine Town
  724: quit

Spells:
 Name                 Level Category     Fail Retention
 healing                1   healing        0%  91%-100%

Skills:
 Fighting Skills
   martial arts       [Basic]
 Weapon Skills
   quarterstaff       [Unskilled]
   spear              [Unskilled]
   crossbow           [Unskilled]
   shuriken           [Unskilled]
 Spellcasting Skills
   attack spells      [Unskilled]
   healing spells     [Basic]
   divination spells  [Unskilled]
   enchantment spells [Unskilled]
   clerical spells    [Unskilled]
   escape spells      [Unskilled]
   matter spells      [Unskilled]

Voluntary challenges:
 Character rerolling was not enabled.
 You never hit with a wielded weapon.
 You were illiterate.
 You never genocided any monsters.
 You never polymorphed an object.
 You never changed form.
 You used no wishes.
Achievements:
 You entered a shop.
 You entered the Gnomish Mines.
 You attained the rank of Novice.
 You entered Minetown.
 You entered a temple.

 The Dungeons of Doom: levels 1 to 3
    Level 1:
       A fountain.
    Level 2:
       A wand shop, a fountain.
       Stairs down to The Gnomish Mines.
    Level 3:
 The Gnomish Mines: levels 3 to 5
    Level 3:
    Level 4:
    Level 5: <- You were here.
       Many shops, a temple and an altar, some fountains.


Vanquished creatures:
  a gnome leader
  3 gnomish wizards
 11 gnomes
  a gecko
  2 foxes
  a kobold
  2 goblins
  a sewer rat
  6 grid bugs
  4 newts
32 creatures vanquished.

No species were genocided or became extinct.

Goodbye Kwijibo4686 the Monk...

You quit in The Gnomish Mines on dungeon level 5 with 926 points,
and 6 pieces of gold, after 724 moves.
You were level 5 with a maximum of 39 hit points when you quit.

